 Dungeon Crawl Stone Soup version 0.30-a0-702-gdf48620a09 (webtiles) character file.

Game seed: 1942392524633621139

301 CoinPitGoblin the Trooper (level 6, -4/35 HPs)
             Began as a Vine Stalker Hunter on Jan 21, 2023.
             Slain by a phantom (7 damage)
             ... on level 4 of the Dungeon.
             The game lasted 00:04:35 (2308 turns).

CoinPitGoblin the Trooper (Vine Stalker Hunter)     Turns: 2308, Time: 00:04:35

Health: -4/35      AC: -11   Str: 14    XL:     6   Next: 37%
Magic:  0/7        EV: 13    Int:  9    God:
Gold:   203        SH:  0    Dex: 19    Spells: 5/5 levels left

rFire   . . .      SeeInvis .    s - +2 short sword (speed)
rCold   . . .      Faith    .    (no shield)
rNeg    . . .      Spirit   +    c - +0 leather armour
rPois   .          Reflect  .    r - +0 helmet
rElec   .          Harm     .    (no cloak)
rCorr   .          Rampage  .    (no gloves)
Will    +....                    (no boots)
Stlth   ++                       (no amulet)
HPRegen 1.05/turn                j - ring of willpower
MPRegen 0.10/turn                (no ring)

@: corroded
A: fangs 2, regeneration 1, magic shield, antimagic bite, no potion heal 2
a: no special abilities


You were on level 4 of the Dungeon.
You visited 1 branch of the dungeon, and saw 4 of its levels.

You collected 203 gold pieces.

Inventory:

Hand Weapons
 a - a +0 shortbow
 h - a +0 short sword
 s - a +2 short sword of speed (weapon)
Armour
 c - a +0 leather armour (worn)
 r - a +0 helmet (worn)
Magical Staves
 l - a staff of death
Jewellery
 j - a ring of willpower (left hand)
 n - a ring of willpower
Scrolls
 f - 2 scrolls of fear {unknown}
 g - 6 scrolls of identify {unknown}
 i - 4 scrolls of teleportation {unknown}
 k - a scroll of fog {unknown}
 m - a scroll of brand weapon {unknown}
 o - a scroll of immolation
 q - a scroll of noise {unknown}
Potions
 b - a potion of cancellation {unknown}
 d - a potion of degeneration {unknown}
 e - a potion of curing {unknown}
 p - a potion of flight {unknown}
 t - 2 potions of heal wounds {unknown}


   Skills:
 + Level 5.0 Fighting
 + Level 0.8 Short Blades
 - Level 3.6 Ranged Weapons
 + Level 0.3 Armour
 + Level 2.9 Dodging
 - Level 1.2 Stealth


You had 5 spell levels left.
You didn't know any spells.
Your spell library was empty.

Dungeon Overview and Level Annotations

Branches:
Dungeon (4/15)
 Temple: D:4-7

Altars:

Shops:
D:2 !


Innate Abilities, Weirdness & Mutations

You have extremely sharp teeth.
Your natural rate of healing is unusually fast.
When hurt, damage is shared between your health and your magic reserves.
Your bite disrupts and absorbs the magic of your enemies.
Potions cannot restore your health.


Message History

You drain its power.
You feel invigorated.
The jelly is almost dead.
You hit the jelly but do no damage. The acid corrodes you!
Your hands burn!
You bite the jelly. You drain its power.
You feel invigorated.
The jelly is almost dead.
The phantom hits you.
The phantom blinks!
You blink.
You hit the phantom but do no damage. You closely miss the phantom.
The phantom hits you.
You are too injured to fight recklessly!
You are too injured to fight recklessly!
You are too injured to fight recklessly!
You barely miss the phantom. Your bite misses the phantom. You hit the phantom.
Your bite misses the phantom.
The phantom is lightly damaged.
The phantom barely misses you.
You hit the phantom but do no damage.
The phantom is lightly damaged.
The phantom hits you.
You hit the jelly but do no damage.
Your hands burn!
You bite the jelly, but do no damage.
The jelly is almost dead.
You hit the jelly but do no damage.
Your hands burn!
You bite the jelly, but do no damage.
The jelly is almost dead.
The phantom hits you.
* * * LOW HITPOINT WARNING * * *
The jelly hits you.
* * * LOW HITPOINT WARNING * * *
You are splashed with acid!
* * * LOW HITPOINT WARNING * * *
Okay, then.
You hit the jelly but do no damage. The acid corrodes you!
Your hands burn!
* * * LOW HITPOINT WARNING * * *
You punch the jelly, but do no damage.
The jelly is almost dead.
The jelly misses you. The phantom hits you.
* * * LOW HITPOINT WARNING * * *
The phantom blinks!
You blink.
The phantom attacks as you move away! The phantom hits you!
You die...

..................!...
#......................
#................W.....
.......................
........#....#.$......
.#####.##....#........
#...#....#........ ..
#W..#....#....$...
....##@...J...###......
...:..##...§...# ......
........##..§.............
....$................
..............#.....#
..............#.....#
.............##......
............# .....
##........# .....


You could see a phantom and a jelly.

Vanquished Creatures
  Sigmund (D:2)
  Terence (D:3)
  3 adders
  2 ufetubi (D:4)
  A worm (D:3)
  3 dart slugs
  5 orcs (D:3)
  7 endoplasms
  A giant cockroach (D:2)
  8 hobgoblins
  4 kobolds
  6 quokkas
  8 ball pythons
  8 bats
  4 frilled lizards
  3 goblins
  6 rats
71 creatures vanquished.

Notes
Turn   | Place    | Note
-------+----------+-------------------------------------------
     0 | D:1      | CoinPitGoblin the Vine Stalker Hunter began the quest for
                  | the Orb.
     0 | D:1      | Reached XP level 1. HP: 11/11 MP: 2/2
    63 | D:1      | Reached skill level 2 in Fighting
   103 | D:1      | Reached XP level 2. HP: 15/15 MP: 3/3
   378 | D:1      | Reached XP level 3. HP: 19/19 MP: 4/4
   738 | D:2      | Reached skill level 3 in Fighting
   748 | D:2      | Noticed Sigmund
   778 | D:2      | Killed Sigmund
   779 | D:2      | Reached skill level 4 in Fighting
   779 | D:2      | Gained mutation: Your natural rate of healing is unusually
                  | fast. [Vine Stalker growth]
   779 | D:2      | Reached XP level 4. HP: 8/26 MP: 2/5
   779 | D:2      | Reached XP level 5. HP: 9/30 MP: 2/6
   969 | D:2      | Reached XP level 6. HP: 30/34 MP: 7/7
  1202 | D:2      | Found Alobuith's Distillery.
  1778 | D:3      | Noticed Terence
  1798 | D:3      | Killed Terence
  1799 | D:3      | Reached skill level 5 in Fighting
  2308 | D:4      | Slain by a phantom

Illustrated notes

Levels and vault maps discovered:
D:1:      tarquinn_simple_flora_water_d, layout_loops_ring, serial_bayou_pond_c
D:2:      layout_loops_cross, serial_shops, nicolae_shop_behind_doors,
          uniq_sigmund
D:3:      layout_basic, uniq_terence
D:4:      layout_basic

Skill      XL: |  1  2  3  4  5  6 |
---------------+-------------------+-----
Fighting       | 2 4 5 |  5.0
Dodging        | 2 |  2.9
Short Blades   | |  0.8
Ranged Weapons | |  3.6
Armour         | |  0.3
Stealth        | |  1.2

Action                   |  1- 3 |  4- 6 || total
-------------------------+-------+-------++-------
Melee: Short sword       |       |   117 ||   117
       Bite              |       |    22 ||    22
       Punch             |       |     1 ||     1
 Fire: Shortbow          |    91 |       ||    91
  Use: Scroll            |     1 |       ||     1
 Stab: Sleeping          |       |     4 ||     4
Armor: Leather armour    |     5 |    19 ||    24
Dodge: Dodged            |    18 |    52 ||    70

Table legend: (Time is in decaauts)
 A = Elapsed time spent in this place.
 B = Non-inter-level travel time spent in this place.
 C = Inter-level travel time spent in this place.
 D = Time resting spent in this place.
 E = Time spent auto-exploring this place.
 F = Levels seen in this place.
 G = Mean time per level.
                   A        B        C        D        E       F      G
               +--------+--------+--------+--------+--------+-----+--------+
         Total |   2320 |   2122 |    198 |     56 |   1601 |   4 |  580.0 |
       Dungeon |   2320 |   2122 |    198 |     56 |   1601 |   4 |  580.0 |
               +--------+--------+--------+--------+--------+-----+--------+

Top non-repeatable levels by time:
     D:2: 783 daAuts
     D:1: 721 daAuts
     D:3: 712 daAuts
     D:4: 101 daAuts
